 Dungeon Crawl Stone Soup version 0.30-a0-722-g3e6e8c874d (webtiles) character file.

Game seed: 2970521118228669712

62 Newt the Trooper (level 3, 0/29 HPs)
             Began as a Demonspawn Gladiator on Jan 27, 2023.
             Slain by a hobgoblin
             ... wielding a +1 whip of flaming
              (3 damage)
             ... on level 3 of the Dungeon.
             The game lasted 00:02:27 (1799 turns).

Newt the Trooper (Demonspawn Gladiator)             Turns: 1799, Time: 00:02:28

Health: 0/29       AC:  4    Str: 16    XL:     3   Next: 85%
Magic:  3/3        EV: 12    Int:  9    God:
Gold:   45         SH:  0    Dex: 14    Spells: 2/2 levels left

rFire   . . .      SeeInvis .    l - +2 short sword (speed)
rCold   . . .      Faith    .    (no shield)
rNeg    . . .      Spirit   .    b - +0 leather armour
rPois   .          Reflect  .    c - +0 helmet
rElec   .          Harm     .    (no cloak)
rCorr   .          Rampage  .    (no gloves)
Will    .....                    (no boots)
Stlth   ++                       (no amulet)
HPRegen 0.24/turn                (no ring)
MPRegen 0.08/turn                (no ring)

@: no status effects
A: foul stench 1
a: no special abilities


You were on level 3 of the Dungeon.
You visited 1 branch of the dungeon, and saw 3 of its levels.

You collected 45 gold pieces.

Inventory:

Hand Weapons
 a - a +0 rapier
 l - a +2 short sword of speed (weapon)
Missiles
 d - 3 throwing nets (quivered)
Armour
 b - a +0 leather armour (worn)
 c - a +0 helmet (worn)
 o - an orb of energy
Wands
 j - a wand of roots (5)
Scrolls
 f - a scroll of fog
 g - a scroll of identify
 h - a scroll of amnesia
 i - a scroll of teleportation
 m - a scroll of poison
Potions
 e - a potion of resistance
 k - a potion of heal wounds
 n - a potion of flight {unknown}


   Skills:
 + Level 3.5 Fighting
 - Level 2.6 Short Blades
 - Level 1.7 Throwing
 - Level 2.6 Dodging
 - Level 2.0 Stealth


You had 2 spell levels left.
You didn't know any spells.
Your spell library was empty.

Dungeon Overview and Level Annotations

Branches:
Dungeon (3/15)

Altars:
Sif Muna

Shops:
D:1 (


Innate Abilities, Weirdness & Mutations

You may rarely emit foul miasma when damaged in melee.


Message History

A hobgoblin is nearby!
An endoplasm comes into view.
The endoplasm quivers.
A bat comes into view.
The bat moves out of view.
The endoplasm freezes you.
You are frozen.
You hit the endoplasm.
The endoplasm is heavily wounded.
You hit the endoplasm.
The endoplasm is almost dead.
The endoplasm freezes you.
You are frozen.
You puncture the endoplasm!
You kill the endoplasm!
You hit the hobgoblin.
The hobgoblin is moderately wounded.
The hobgoblin barely misses you.
You hit the hobgoblin.
The hobgoblin is almost dead.
The hobgoblin hits you with a +1 whip of flaming.
The hobgoblin burns you.
Throw: 3 throwing nets
Press: ? - help, Q - select action, (/) - cycle Shift-Dir - straight line, f - hobgoblin
Aim: a hobgoblin, wielding a +1 whip of flaming (almost dead, 59% to hit)
Okay, then.
You closely miss the hobgoblin.
The hobgoblin is almost dead.
You hit the hobgoblin but do no damage.
The hobgoblin is almost dead.
The hobgoblin hits you with a +1 whip of flaming.
The hobgoblin burns you.
You hit the hobgoblin but do no damage.
The hobgoblin is almost dead.
You barely miss the hobgoblin.
The hobgoblin is almost dead.
The hobgoblin hits you with a +1 whip of flaming!
* * * LOW HITPOINT WARNING * * *
The hobgoblin burns you.
You die...

..#.##.# ..#.##.# ..
....##.####### ...
#..#.......###### ....
#....#..........##....
#.####..##.####.#..#
###.####..##.##.....#
..........##.##.....#
....#####....##.@g..#
##..# #######.....#
##....# #.....#
##.##..# ..##...# .#.#
..# ... .#... .#.....#
.... .##... †###...#
#.... .. ... .#.....#
##... # .. .#.#...# #
..#


You could see a hobgoblin.

Vanquished Creatures
  3 adders
  4 endoplasms
  A giant cockroach (D:2)
  2 goblins
  3 hobgoblins
  3 jackals
  7 ball pythons
  4 bats
  A frilled lizard (D:2)
  4 kobolds
  4 rats
36 creatures vanquished.

Notes
Turn   | Place    | Note
-------+----------+-------------------------------------------
     0 | D:1      | Newt the Demonspawn Gladiator began the quest for the Orb.
     0 | D:1      | Reached XP level 1. HP: 16/16 MP: 1/1
    77 | D:1      | Reached skill level 1 in Stealth
   214 | D:1      | Gained mutation: You may rarely emit foul miasma when
                  | damaged in melee. [demonic ancestry]
   214 | D:1      | Reached XP level 2. HP: 4/22 MP: 2/2
   229 | D:1      | HP: 1/22 [rat (1)]
   334 | D:1      | Found Oklasaaq's Antique Weapon Boutique.
   858 | D:2      | Reached XP level 3. HP: 28/28 MP: 3/3
   948 | D:2      | Reached skill level 3 in Fighting
  1698 | D:3      | Found a shimmering blue altar of Sif Muna.
  1799 | D:3      | Slain by a hobgoblin

Illustrated notes

Levels and vault maps discovered:
D:1:      matt_arrival_grand_opening, layout_rooms, serial_shops, shop,
          minmay_vboxes
D:2:      layout_basic
D:3:      layout_basic, old_standard_altar, kennysheep_jessica_study

Skill      XL: |  1  2  3 |
---------------+----------+-----
Stealth        | 1 2 |  2.0
Fighting       | 3 |  3.5
Short Blades   | |  2.6
Throwing       | |  1.7
Dodging        | |  2.6

Action                     || total
---------------------------++-------
  Melee: Rapier            ||    85
         Punch             ||     2
         Short sword       ||    33
  Throw: Javelin           ||     1
         Stone             ||    19
         Throwing net      ||     1
    Use: Scroll            ||     6
   Stab: Sleeping          ||     1
 Armour: Leather armour    ||    30
  Dodge: Dodged            ||    70

Table legend: (Time is in decaauts)
 A = Elapsed time spent in this place.
 B = Non-inter-level travel time spent in this place.
 C = Inter-level travel time spent in this place.
 D = Time resting spent in this place.
 E = Time spent auto-exploring this place.
 F = Levels seen in this place.
 G = Mean time per level.
                   A        B        C        D        E       F      G
               +--------+--------+--------+--------+--------+-----+--------+
         Total |   1789 |   1671 |    118 |     94 |   1294 |   3 |  596.3 |
       Dungeon |   1789 |   1671 |    118 |     94 |   1294 |   3 |  596.3 |
               +--------+--------+--------+--------+--------+-----+--------+

Top non-repeatable levels by time:
     D:2: 951 daAuts
     D:1: 643 daAuts
     D:3: 194 daAuts
